Construct Section Command Post
Construct Platoon Command Post
6-pounder Anti-tank Gun Team
Construct Field Infirmary
6-pounder Anti-tank Gun Team
Construct Company Command Post
Selects Air and Sea Battlegroup
Selects Air and Sea Battlegroup
Selects Commando Section Paradrop
Selects Commando Support Section Paradrop
Selects Anti-tank Rocket Loiter
Selects Commando Section Paradrop
Selects M1 Pack Howitzer Paradrop
Selects Anti-tank Rocket Loiter
Unlock M3 Grant Medium Tanks
Commando Section Paradrop
Construct Field Infirmary
Commando Section Paradrop